 Dungeon Crawl Stone Soup version 0.22-a0-580-gd5db89c09a (webtiles) character file.

917 RedPan the Digger (level 7, 0/55 HPs)
             Began as a Deep Dwarf Earth Elementalist on July 3, 2018.
             Slain by a wyvern skeleton (8 damage)
             ... on level 6 of the Dungeon.
             The game lasted 00:12:20 (5156 turns).

RedPan the Digger (Deep Dwarf Earth Elementalist)   Turns: 5156, Time: 00:12:21

Health: 0/55       AC:  4    Str: 11    XL:     7   Next: 83%
Magic:  6/11       EV: 14    Int: 18    God:
Gold:   253        SH:  0    Dex: 13    Spells: 7/13 levels left

rFire    . . .     SeeInvis +   p - +3 short sword (flame)
rCold    + . .     Gourm    .   (no shield)
rNeg     . . .     Faith    .   c - +0 robe
rPois    .         Spirit   .   (no helmet)
rElec    .         Reflect  .   (no cloak)
rCorr    .         Harm     .   j - +1 pair of gloves
MR       +....                  (no boots)
Stlth    ++........             (no amulet)
HPRegen  0.00/turn              q - ring of protection from cold
MPRegen  0.12/turn              t - ring of see invisible

@: non-regenerating
A: damage resistance, heal wounds, sense surroundings 1, no regeneration
a: Heal Wounds


You were on level 6 of the Dungeon.
You were not hungry.

You visited 2 branches of the dungeon, and saw 7 of its levels.

You collected 253 gold pieces.

Inventory:

Hand Weapons
 p - a +3 short sword of flaming (weapon)
Missiles
 b - 56 stones (quivered)
Armour
 c - a +0 robe (worn)
 j - a +1 pair of gloves (worn)
Jewellery
 q - a ring of protection from cold (left hand)
 t - a ring of see invisible (right hand)
Wands
 f - a wand of iceblast (8)
 i - a wand of polymorph (7)
 m - a wand of enslavement (2)
Scrolls
 l - a scroll of enchant weapon
 s - a scroll of enchant armour
 u - a scroll of fear
Potions
 a - a potion of resistance {unknown}
 e - 2 potions of magic
 g - 3 potions of lignification
 h - 2 potions of flight
 n - a potion of mutation {unknown}
 o - a potion of degeneration {unknown}
 r - a potion of might {unknown}
Comestibles
 d - 13 rations
 k - 7 chunks of flesh


   Skills:
 + Level 5.0 Dodging
 - Level 3.2 Stealth
 + Level 3.9 Spellcasting
 + Level 3.1 Conjurations
 - Level 2.4 Transmutations
 + Level 7.1 Earth Magic


You had 7 spell levels left.
You knew the following spells:

 Your Spells              Type           Power        Failure   Level  Hunger
a - Sandblast             Erth           ####..       1%          1    None
b - Passwall              Tmut/Erth      ###.....     3%          2    ##.....
c - Stone Arrow           Conj/Erth      ###...       5%          3    ###....

Your spell library contained the following spells:

 Spells                   Type           Power        Failure   Level  Hunger
 Lee's Rapid Deconstruct  Erth           ####......   22%         5    ######.
 Petrify                  Tmut/Erth      ###.....     21%         4    ####...


Dungeon Overview and Level Annotations

Branches:
Dungeon (6/15)             Temple (1/1) D:5

Altars:
Ashenzari
Cheibriados
Fedhas
Gozag
Nemelex Xobeh
Okawaru
Qazlal
Ru
Sif Muna
Trog
Vehumet
Wu Jian
Zin
The Shining One

Annotations:
D:3 exclusion: downstairs


Innate Abilities, Weirdness & Mutations

You are resistant to damage.
You can heal yourself by infusing magical energy.
You passively map a small area around you.
You do not regenerate.


Message History

The blast of sand hits the bullfrog.
You kill the bullfrog!
Your Dodging skill increases to level 5!
b - 56 stones You see here a bullfrog corpse.
You butcher the bullfrog corpse.
k - 7 chunks of flesh (gained 3)
A wyvern skeleton is nearby!
You see here a whip.
Things that are here:
a flail; a leather armour; an orc corpse
Casting: Sandblast (safe; 1% risk of failure)
Confirm with . or Enter, or press ? or * to list all spells.
Aiming: Stone Arrow (safe; 5% risk of failure)
Press: ? - help, Shift-Dir - straight line, f - wyvern skeleton
Aim: a wyvern skeleton The stone arrow hits the wyvern skeleton.
The wyvern skeleton is heavily damaged.
The wyvern skeleton bites you!
You die...

, , #. ### ,
..#.#####.##############
#c..................[..
..#...###............#####
#......<...........).... *
#......)..........<.....
.........................
####.....@................
#.....Z...>............ *
#......................
##.........(..)........
#.....................
#.....................
#.....................
##....................
....................


You could see a wyvern skeleton.

Vanquished Creatures
  Edmund (D:4)
  3 ogres (D:4)
  A centaur (D:5)
  A bullfrog (D:6)
  3 orc priests (D:5)
  Jessica (D:3)
  Ijyb (D:3)
  2 orc wizards
  A worker ant (D:4)
  A hound skeleton (D:4)
  7 adders
  3 gnolls (D:3)
  2 worms
  4 dart slugs
  A leopard gecko (D:3)
  12 orcs
  5 giant cockroaches
  2 goblins
  4 hobgoblins
  2 jackals (D:6)
  7 kobolds
  2 quokkas
  11 bats
  3 frilled lizards
  3 rats
83 creatures vanquished.

Notes
Turn   | Place    | Note
-------+----------+-------------------------------------------
     0 | D:1      | RedPan the Deep Dwarf Earth Elementalist began the quest for the Orb.
     0 | D:1      | Reached XP level 1. HP: 15/15 MP: 3/3
   262 | D:1      | Reached XP level 2. HP: 22/22 MP: 4/4
  1340 | D:2      | Reached XP level 3. HP: 11/28 MP: 2/6
  1450 | D:2      | Found an iron altar of Okawaru.
  1629 | D:2      | Reached skill level 5 in Earth Magic
  1795 | D:2      | Reached XP level 4. HP: 28/36 MP: 2/6
  2136 | D:2      | Learned a level 2 spell: Passwall
  2140 | D:2      | Learned a level 3 spell: Stone Arrow
  2420 | D:3      | Reached skill level 1 in Transmutations
  2723 | D:3      | Noticed Jessica
  2727 | D:3      | Killed Jessica
  2727 | D:3      | Reached XP level 5. HP: 20/42 MP: 5/7
  2858 | D:3      | Noticed Ijyb
  2866 | D:3      | Killed Ijyb
  2866 | D:3      | Reached skill level 1 in Conjurations
  3095 | D:4      | Noticed an ogre
  3099 | D:4      | Killed an ogre
  3099 | D:4      | Reached XP level 6. HP: 24/49 MP: 4/9
  3292 | D:4      | Noticed Edmund
  3307 | D:4      | Killed Edmund
  3307 | D:4      | Reached skill level 6 in Earth Magic
  3574 | D:4      | Reached XP level 7. HP: 30/55 MP: 6/11
  4191 | D:5      | Entered Level 5 of the Dungeon
  4474 | D:5      | Found a staircase to the Ecumenical Temple.
  4489 | Temple   | Entered the Ecumenical Temple
  4950 | D:5      | Reached skill level 7 in Earth Magic
  5144 | D:6      | Reached skill level 5 in Dodging
  5156 | D:6      | Slain by a wyvern skeleton

Vault maps used:
D:1:      dpeg_arrival_solitude, minmay_pentomino_o4
D:2:      serial_glass, glass_columns_c, glass_columns_a, glass_columns_a,
          glass_columns_a, glass_columns_c, glass_columns_c, okawaru_gym_becter
D:3:      uniq_ijyb, uniq_jessica
D:4:      first_ration, minmay_crystal_room, uniq_edmund
D:5:      minmay_temple_entry_overgrown
D:6:      nicolae_qazlal_style_of_elements
Temple:   minmay_temple_curvy_branch

Skill      XL: |  1  2  3  4  5  6  7 |
---------------+----------------------+-----
Spellcasting   | 2 3 |  3.9
Earth Magic    | 5 6 7 |  7.1
Stealth        | 3 |  3.2
Dodging        | 3 4 5 |  5.0
Transmutations | 1 2 |  2.4
Conjurations   | 1 2 3 |  3.1

Action                   |  1- 3 |  4- 6 |  7- 9 || total
-------------------------+-------+-------+-------++-------
Melee: Dagger            |    10 |       |       ||    10
       Short sword       |     6 |     8 |     7 ||    21
 Cast: Sandblast         |    34 |    62 |    36 ||   132
       Stone Arrow       |       |       |     9 ||     9
 Abil: Heal Wounds       |     1 |       |       ||     1
  Use: Scroll            |       |     8 |     5 ||    13
       Potion            |       |     1 |     1 ||     2
 Stab: Sleeping          |     7 |     2 |       ||     9
  Eat: Chunk             |     2 |     7 |     5 ||    14
Armor: Robe              |     7 |     3 |     1 ||    11
Dodge: Dodged            |    14 |    21 |    12 ||    47

Table legend:
 A = Spawn XP
 B = Non-spawn XP
 C = Spawn XP percentage of total XP
 D = Spawn monster count
 E = Non-spawn monster count
 F = Spawn count percentage of total count
 G = Total turns spent on level
                    A         B        C        D         E        F      G
               +---------+---------+-------+---------+---------+-------+---------
         Total |       0 |    1310 |   0.0 |       0 |      83 |   0.0 |  5156
               +---------+---------+-------+---------+---------+-------+---------
           D:1 |       0 |      25 |   0.0 |       0 |      15 |   0.0 |  1077
           D:2 |       0 |      87 |   0.0 |       0 |      20 |   0.0 |  1309
           D:3 |       0 |     156 |   0.0 |       0 |      20 |   0.0 |   630
           D:4 |       0 |     663 |   0.0 |       0 |      14 |   0.0 |  1280
           D:5 |       0 |     282 |   0.0 |       0 |       8 |   0.0 |   555
           D:6 |       0 |      97 |   0.0 |       0 |       6 |   0.0 |    77
               +---------+---------+-------+---------+---------+-------+---------
